 Dungeon Crawl Stone Soup version 0.15-a0-1632-gd490d05 (webtiles) character file.

4189 Kenran the Martial Artist (level 10, -6/56 HPs)
             Began as a Gargoyle Monk on June 21, 2014.
             Was a Believer of Okawaru.
             Killed by divine providence
             ... invoked by an orc priest
              (9 damage)
             ... on Level 8 of the Dungeon.
             The game lasted 00:31:38 (8715 turns).

Kenran the Martial Artist (Gargoyle Monk)           Turns: 8715, Time: 00:31:39

HP  -6/56        AC 11     Str 14      XL: 10   Next: 29%
MP   8/10        EV 19     Int 12      God: Okawaru [**....]
Gold 229         SH  0     Dex 15      Spells:  0 memorised,  9 levels left

rFire  . . .     SeeInvis .       - Unarmed
rCold  . . .     Clarity  .     h - +1 robe
rNeg   + + .     rCorr    .     (no shield)
rPois  +         rRot     +     (no helmet)
rElec  +         Spirit   .     p - +0 cloak
SustAb .         Warding  +     (no gloves)
rMut   .         Stasis   .     (no boots)
Gourm  .                        f - amulet of warding
MR     .....                    (no ring)
                                i - +3 ring of evasion

@: heroism, not resistant to hostile enchantments, stealthy
A: life protection 1, electricity resistance, unbreathing, petrification
resistance, rot immunity, AC +7
a: Heroism, Renounce Religion


You were on level 8 of the Dungeon.
You worshipped Okawaru.
Okawaru was pleased with you.
You were hungry.

You visited 2 branches of the dungeon, and saw 9 of its levels.

You collected 229 gold pieces.

Inventory:

Armour
 h - a +1 robe (worn)
 p - a +0 cloak (worn)
Magical devices
 s - a wand of enslavement (11) {unknown}
Comestibles
 a - a beef jerky
 b - 3 bread rations
 v - a meat ration
Scrolls
 l - 4 scrolls of identify
 n - a scroll of fog
 q - a scroll of enchant armour
 r - a scroll of amnesia
 u - a scroll of enchant weapon {unknown}
 w - a scroll of remove curse
Jewellery
 f - an amulet of warding (around neck)
 i - a +3 ring of evasion (left hand)
 m - a cursed ring of sustain abilities {unknown}
Potions
 d - a potion of might {unknown}
 e - a potion of confusion {unknown}
 g - a potion of flight
 j - 2 potions of poison {unknown}
 o - a potion of invisibility {unknown}
Books
 k - a book of Conjurations

   Spells                             Type                      Level
   Magic Dart                         Conjuration                  1
   Searing Ray                        Conjuration                  2
   Dazzling Spray                     Conjuration/Hexes            3
   Fulminant Prism                    Conjuration/Hexes            4
   Iskenderun's Mystic Blast          Conjuration                  4
   Iskenderun's Battlesphere          Conjuration/Charms           5


   Skills:
 - Level 3.2(8.2) Fighting
 - Level 2.4(7.4) Dodging
 - Level 2.1(7.1) Stealth
 + Level 14.4(19.4) Unarmed Combat


You had 9 spell levels left.
You didn't know any spells.

Dungeon Overview and Level Annotations

Branches:
Dungeon (8/15)             Temple (1/1) D:5
   Lair: D:8-11

Altars:
Ashenzari
Cheibriados
Dithmenos
Gozag
Nemelex Xobeh
Okawaru
Sif Muna
Trog
Vehumet
Xom
Yredelemnul
Zin
The Shining One

Annotations:
D:3 ghwc's ghost, weakling MiCK


Innate Abilities, Weirdness & Mutations

You are resistant to torment.
You are immune to poison.
Your stone body is very resilient (AC +7).
You resist negative energy.
You are resistant to electric shocks.
You can survive without breathing.
You are immune to petrification.
You are immune to rotting.


Message History

The orc warrior hits you with a battleaxe!
* * * LOW HITPOINT WARNING * * *
The orc warrior closely misses you.
The orc wizard gestures at you while chanting.
The puff of flame hits you!
* * * LOW HITPOINT WARNING * * *
You closely miss the orc wizard. The orc warrior misses you.
The orc wizard gestures wildly while chanting.
The orc wizard seems to speed up.
The orc warrior hits you with a battleaxe!
* * * LOW HITPOINT WARNING * * *
You hit the orc wizard but do no damage.
The orc priest looks braver.
You pummel the orc wizard!!
You kill the orc wizard!
Okawaru accepts your kill. The orc warrior misses you.
The orc priest mumbles some strange prayers to Beogh against you.
Something smites you!
You die...

#§§§....o........#####..........
o§§§§...#####.###.# #......####
####§#### #.#...# #......# #.#
###.#.#.# #.#..### #.#
#.......#####....# #.#
#.####o.<...[...(# #.# #.
#.o.........# #.# #
#.o.........#### .
#@.............#
#.....(.....##.#
#...........##.#
#...........##.#
.............##.#
.###.#.......... .
..........##.## ##
##.##.###..... #. #.# ##...#


You could see 2 orc warriors and an orc priest.

Vanquished Creatures
  A feature mimic (D:7)
  A deep elf mage (D:8)
  A hippogriff (D:7)
  2 wraiths (D:7)
  Menkaure (D:4)
  A water moccasin (D:6)
  3 phantoms
  Purgy (D:4)
  2 black bears
  An ice beast (D:7)
  2 centaurs (D:6)
  4 ogres
  Duvessa (D:5)
  3 giant frogs
  3 scorpions
  3 killer bees (D:8)
  5 wights
  A troll skeleton (D:7)
  A goliath beetle (D:7)
  Dowan (D:5)
  A quasit (D:5)
  4 crimson imps
  A hound (D:5)
  4 orc wizards
  A giant frog skeleton (D:5)
  3 human zombies (D:7)
  An orc priest (D:4)
  2 human skeletons (D:7)
  3 iguanas
  7 worker ants
  2 ogre skeletons
  A big kobold skeleton (D:7)
  A crocodile skeleton (D:8)
  A mummy (D:7)
  7 gnolls
  A worker ant zombie (D:6)
  4 adders
  3 shadow imps
  2 giant mites
  An adder zombie (D:7)
  2 orc zombies (D:7)
  4 giant geckos
  An ooze (D:5)
  17 orcs
  A ball python (D:4)
  6 giant cockroaches
  10 goblins
  8 hobgoblins
  6 jackals
  10 kobolds
  3 quokkas
  13 bats
  8 giant newts
  A hobgoblin skeleton (D:8)
  An orc skeleton (D:4)
  A quokka zombie (D:6)
  11 rats
191 creatures vanquished.

Notes
Turn   | Place    | Note
--------------------------------------------------------------
     0 | D:1      | Kenran, the Gargoyle Monk, began the quest for the Orb.
     0 | D:1      | Reached XP level 1. HP: 14/14 MP: 1/1
   167 | D:1      | Reached XP level 2. HP: 17/19 MP: 2/2
  1200 | D:2      | Reached XP level 3. HP: 21/23 MP: 3/3
  1331 | D:2      | Reached skill level 5 in Unarmed Combat
  1403 | D:2      | Found a shattered altar of Ashenzari.
  1851 | D:3      | Noticed ghwc's ghost (weakling MiCK)
  2339 | D:3      | Reached XP level 4. HP: 26/28 MP: 4/4
  2794 | D:4      | Reached skill level 6 in Unarmed Combat
  2805 | D:4      | Reached XP level 5. HP: 29/32 MP: 5/5
  3071 | D:4      | Reached skill level 7 in Unarmed Combat
  3071 | D:4      | Reached XP level 6. HP: 18/37 MP: 6/6
  3261 | D:4      | Noticed Menkaure
  3295 | D:4      | Noticed an ogre
  3393 | D:4      | Killed an ogre
  3528 | D:4      | Noticed Purgy
  3548 | D:4      | Killed Purgy
  3548 | D:4      | Reached skill level 8 in Unarmed Combat
  3554 | D:4      | Reached XP level 7. HP: 28/41 MP: 7/7
  3817 | D:4      | Noticed a phantom
  3843 | D:4      | Killed a phantom
  4018 | D:4      | Killed Menkaure
  4018 | D:4      | Reached skill level 9 in Unarmed Combat
  4146 | D:4      | Noticed an ogre
  4156 | D:4      | Killed an ogre
  4224 | D:4      | Reached XP level 8. HP: 46/46 MP: 8/8
  4288 | D:5      | Entered Level 5 of the Dungeon
  4360 | D:5      | Found a bloodstained altar of Trog.
  4464 | D:5      | Reached skill level 10 in Unarmed Combat
  4657 | D:5      | Noticed Duvessa
  4665 | D:5      | Found a staircase to the Ecumenical Temple.
  4743 | D:5      | Noticed Dowan
  4917 | D:5      | Killed Duvessa
  5016 | D:5      | Killed Dowan
  5284 | D:5      | Reached skill level 11 in Unarmed Combat
  5986 | D:6      | Reached XP level 9. HP: 37/51 MP: 9/9
  6211 | D:6      | Reached skill level 12 in Unarmed Combat
  6839 | Temple   | Entered the Ecumenical Temple
  6851 | Temple   | Became a worshipper of Warmaster Okawaru
  6851 | Temple   | Acquired Okawaru's first power
  7503 | D:7      | Reached skill level 13 in Unarmed Combat
  7782 | D:7      | Found a basalt altar of Yredelemnul.
  7870 | D:7      | Reached XP level 10. HP: 31/56 MP: 10/10
  8084 | D:7      | Found a glowing silver altar of Zin.
  8084 | D:7      | Found a sparkling altar of Nemelex Xobeh.
  8084 | D:7      | Found a radiant altar of Vehumet.
  8103 | D:7      | Reached skill level 14 in Unarmed Combat
  8715 | D:8      | Killed from afar by an orc priest

Action                   |  1- 3 |  4- 6 |  7- 9 | 10-12 || total
-------------------------+-------+-------+-------+-------++-------
Melee: Unarmed           |   152 |   156 |   499 |    79 ||   886
Invok: Heroism           |       |       |       |     2 ||     2
  Use: Scroll            |     9 |       |     8 |     1 ||    18
       Potion            |       |     2 |     4 |     2 ||     8
 Stab: Sleeping          |     5 |     4 |     9 |       ||    18
